 Dungeon Crawl Stone Soup version 0.28.0-53-g5a82cb258f (webtiles) character file.

Game seed: 4703961754320903966

147 cbfl8 the Chopper (level 5, -4/47 HPs)
             Began as a Minotaur Berserker on July 25, 2022.
             Was a Believer of Trog.
             Killed from afar by Sigmund (13 damage)
             ... with a puff of flame
             ... on level 3 of the Dungeon.
             The game lasted 00:01:57 (1601 turns).

cbfl8 the Chopper (Minotaur Berserker)              Turns: 1601, Time: 00:01:58

Health: -4/47      AC:  8    Str: 22    XL:     5   Next: 7%
Magic:  4/4        EV:  8    Int:  4    God:    Trog [**....]
Gold:   130        SH:  0    Dex: 11    Spells: 4/4 levels left

rFire   . . .      SeeInvis .   a - +0 hand axe
rCold   . . .      Faith    .   (no shield)
rNeg    . . .      Spirit   .   l - +0 chain mail
rPois   .          Reflect  .   (helmet restricted)
rElec   .          Harm     .   (no cloak)
rCorr   .          Rampage  .   (no gloves)
Will    .....                   (no boots)
Stlth   ..........              g - amulet of magic regeneration
HPRegen 0.15/turn               (no ring)
MPRegen 0.49/turn               (no ring)

@: on berserk cooldown, slowed, very slow
A: horns 2, retaliatory headbutt
a: Renounce Religion, Berserk, Trog's Hand


You were on level 3 of the Dungeon.
You worshipped Trog.
Trog was pleased with you.
You visited 1 branch of the dungeon, and saw 3 of its levels.

You collected 130 gold pieces.

Inventory:

Hand Weapons
 a - a +0 hand axe (weapon)
Armour
 b - a +0 animal skin
 h - a +0 ring mail
 l - a +0 chain mail (worn)
Jewellery
 g - an amulet of magic regeneration (around neck)
Scrolls
 e - 2 scrolls of identify {unknown}
 f - a scroll of torment {unknown}
 i - 2 scrolls of enchant weapon {unknown}
 j - a scroll of brand weapon {unknown}
Potions
 c - 3 potions of curing {unknown}
 d - 2 potions of mutation {unknown}
 k - a potion of brilliance {unknown}
 m - a potion of attraction {unknown}


   Skills:
 * Level 4.7 Fighting
 * Level 5.3 Axes
 + Level 2.7 Armour
 * Level 3.0 Dodging
 * Level 1.2 Stealth


You had 4 spell levels left.
You didn't know any spells.
Your spell library was empty.

Dungeon Overview and Level Annotations

Branches:
Dungeon (3/15)

Altars:
Uskayaw

Annotations:
D:3 Sigmund


Innate Abilities, Weirdness & Mutations

You have a pair of horns on your head.
You reflexively headbutt those who attack you in melee.


Message History

You closely miss the orc priest.
The orc priest is heavily wounded.
The orc priest looks encouraged for a moment.
You slash the orc priest!
You kill the orc priest!
Trog accepts your kill. Something hits you.
* * * LOW HITPOINT WARNING * * *
Your Axes skill increases to level 5!
Unknown command.
Unknown command.
You hit the orc priest but do no damage.
You headbutt the orc priest.
You kill the orc priest!
Trog accepts your kill.
Your Dodging skill increases to level 3!
You have reached level 5!
You are too berserk!
You hear some strange, mumbled words.
Something tries to affect you, but you resist.
You feel a strong urge to attack something.
There is a hide-covered altar of Uskayaw here.
A puff of flame appears from out of thin air!
The puff of flame misses you.
Found a spear.
You feel your anger nearly subside.
You are no longer berserk.
You are exhausted.
You feel yourself slow down.
Found 24 stones.
An adder comes into view.
The adder hisses angrily.
The orc hits you but does no damage.
The orc hits you from afar with a +0 trident.
* * * LOW HITPOINT WARNING * * *
Something hits you but does no damage. The adder bites you but does no damage.
You hear some strange, mumbled words.
A puff of flame appears from out of thin air!
The puff of flame hits you!
You die...

#.8.......8.....
#...............
#.8.......8.....
#.....)....!...!
#.8..._..)8.....
#....###).......
#######o.{..........
#........)..##.#....
#.....S@...## ......
#..........# ....(.
#.............#.....
#......>...####....
#...(......#
#..........#
############


You could see an adder and an orc.

Vanquished Creatures
  2 orc priests (D:3)
  3 adders
  3 dart slugs
  An orc (D:3)
  6 ball pythons
  5 endoplasms
  3 giant cockroaches
  6 goblins (D:1)
  4 hobgoblins
  4 jackals (D:1)
  3 quokkas
  3 bats (D:1)
  2 frilled lizards
  3 kobolds
  2 rats (D:1)
50 creatures vanquished.

Notes
Turn   | Place    | Note
-------+----------+-------------------------------------------
     0 | D:1      | cbfl8 the Minotaur Berserker began the quest for the Orb.
     0 | D:1      | Reached XP level 1. HP: 19/19 MP: 0/0
    51 | D:1      | Reached XP level 2. HP: 20/27 MP: 1/1
    52 | D:1      | Reached skill level 4 in Axes
   535 | D:1      | Reached XP level 3. HP: 30/33 MP: 2/2
   565 | D:1      | Reached ** piety under Trog
  1239 | D:2      | Reached XP level 4. HP: 34/41 MP: 3/3
  1393 | D:2      | Found a faded altar of an unknown god.
  1490 | D:3      | Reached skill level 1 in Stealth
  1566 | D:3      | Found a hide-covered altar of Uskayaw.
  1580 | D:3      | Noticed Sigmund
  1592 | D:3      | Reached skill level 5 in Axes
  1593 | D:3      | Reached XP level 5. HP: 20/47 MP: 4/4
  1601 | D:3      | Killed from afar by Sigmund

Illustrated notes

Levels and vault maps discovered:
D:1:      dpeg_arrival_simpleton_a, layout_basic, minmay_door_square,
          minmay_octomino_j4
D:2:      layout_rooms, serial_rivers, chequers_serial_rivers_micro_c,
          chequers_serial_rivers_micro_a, chequers_serial_rivers_small_3,
          chequers_serial_rivers_large_b, chequers_serial_rivers_micro_b,
          shapermc_ecumenical_altar_pompeii
D:3:      layout_rooms, tgw_sif, eat_drink_and_be_merry_uskayaw, uniq_natasha,
          uniq_sigmund

Skill      XL: |  1  2  3  4 |
---------------+-------------+-----
Axes           | 4 5 |  5.3
Fighting       | 4 |  4.7
Stealth        | 1 |  1.2
Dodging        | 3 |  3.0
Armour         | |  2.7

Action                   |  1- 3 |  4- 6 || total
-------------------------+-------+-------++-------
Melee: Hand axe          |    68 |    26 ||    94
       Headbutt          |    11 |     5 ||    16
       Punch             |     1 |       ||     1
Invok: Berserk           |       |     1 ||     1
Armor: Animal skin       |     7 |       ||     7
       Ring mail         |     5 |     4 ||     9
       Chain mail        |       |    15 ||    15
Dodge: Dodged            |    43 |    14 ||    57
